 Dungeon Crawl Stone Soup version 0.29.1-2-gbd0b4ee654 (webtiles) character file.

Game seed: 12616486508207925462

124 MrSixtyFour the Grave Robber (level 4, -1/30 HPs)
             Began as a Demonspawn Necromancer on Nov 25, 2022.
             Killed from afar by Blork the orc (3 damage)
             ... with a puff of flame
             ... on level 4 of the Dungeon.
             The game lasted 00:17:55 (3806 turns).

MrSixtyFour the Grave Robber (DsNe)                 Turns: 3806, Time: 00:17:56

Health: -1/30      AC:  6    Str:  8    XL:     4   Next: 81%
Magic:  13/17      EV: 11    Int: 24    God:
Gold:   145        SH:  0    Dex: 18    Spells: 5/9 levels left

rFire   + . .      SeeInvis .   c - staff of fire
rCold   . . .      Faith    .   (no shield)
rNeg    . . .      Spirit   .   h - +3 leather armour
rPois   .          Reflect  .   (no helmet)
rElec   .          Harm     .   (no cloak)
rCorr   .          Rampage  .   (no gloves)
Will    .....                   (no boots)
Stlth   ++++......              (no amulet)
HPRegen 0.10/turn               m - ring of magical power
MPRegen 0.15/turn               o - +6 ring of intelligence

@: no status effects
A: thin skeletal structure 2, condensation shield
a: no special abilities


You were on level 4 of the Dungeon.
You visited 1 branch of the dungeon, and saw 4 of its levels.

You collected 145 gold pieces.

Inventory:

Armour
 a - a +0 robe
 h - a +3 leather armour (worn)
Magical Staves
 c - a staff of fire (weapon)
Jewellery
 m - a ring of magical power (left hand)
 o - a +6 ring of intelligence (right hand)
Scrolls
 b - 7 scrolls of identify {unknown}
 i - a scroll of enchant weapon {unknown}
 j - a scroll of torment {unknown}
 k - a scroll of magic mapping {unknown}
 l - a scroll of silence {unknown}
 p - a scroll of amnesia {unknown}
Potions
 d - 2 potions of curing {unknown}
 e - 2 potions of heal wounds {unknown}
 f - a potion of lignification {unknown}
 g - a potion of might {unknown}
 n - 2 potions of magic


   Skills:
 + Level 0.5 Armour
 - Level 1.7 Dodging
 + Level 1.8 Stealth
 + Level 3.0 Spellcasting
 + Level 5.6 Necromancy
 * Level 1.7 Evocations


You had 5 spell levels left.
You knew the following spells:

 Your Spells              Type           Power      Damage    Failure   Level
a - Necrotise             Necr           100%       1d9       1%          1
b - Vampiric Draining     Necr           30%        2d8       4%          3

Your spell library contained the following spells:

 Spells                   Type           Power      Damage    Failure   Level
 Animate Dead             Necr           30%        N/A       16%         4
 Agony                    Necr           30%        N/A       38%         5


Dungeon Overview and Level Annotations

Branches:
Dungeon (4/15)
 Temple: D:4-7

Altars:
Ru

Annotations:
D:3 Grinder
D:4 Blork the orc


Innate Abilities, Weirdness & Mutations

You have a moderately thin skeletal structure. (Dex +4, Stealth++)
A meltable shield of frost defends you. (SH +0)


Message History

Blork the orc writhes in agony.
Casting: Necrotise (safe; 1% risk of failure)
Confirm with . or Enter, or press ? or * to list all spells.
Aiming: Necrotise (safe; 1% risk of failure)
Press: ? - help, Shift-Dir - straight line, f/p - Blork the orc
Aim: Blork the orc, wielding a +2 trident of freezing and wearing a +0 robe (lightly wounded, ally target, chance to affect: 83%) Blork the orc barely resists.
Your goblin skeleton closely misses Blork the orc.
Casting: Necrotise (safe; 1% risk of failure)
Confirm with . or Enter, or press ? or * to list all spells.
Aiming: Necrotise (safe; 1% risk of failure)
Press: ? - help, Shift-Dir - straight line, f/p - Blork the orc
Aim: Blork the orc, wielding a +2 trident of freezing and wearing a +0 robe (lightly wounded, ally target, chance to affect: 83%) Blork the orc writhes in agony.
Blork the orc casts a spell at you. The puff of frost hits you!
Your goblin skeleton completely misses Blork the orc.
Blork the orc looks satisfied for a moment.
Your goblin skeleton barely misses Blork the orc.
There is an open door here.
Casting: Necrotise (safe; 1% risk of failure)
Confirm with . or Enter, or press ? or * to list all spells.
Aiming: Necrotise (safe; 1% risk of failure)
Press: ? - help, Shift-Dir - straight line, f/p - Blork the orc
Aim: Blork the orc, wielding a +2 trident of freezing and wearing a +0 robe (moderately wounded, ally target, chance to affect: 83%) Blork the orc writhes in agony.
Blork the orc hits you from afar with a +2 trident of freezing!
Blork the orc freezes you.
Blork the orc hits you from afar with a +2 trident of freezing!
* * * LOW HITPOINT WARNING * * *
Blork the orc freezes you.
* * * LOW HITPOINT WARNING * * *
Your goblin skeleton closely misses Blork the orc.
Blork the orc gestures wildly while chanting.
Blork the orc seems to speed up.
Blork the orc gestures at you while chanting.
The puff of flame hits you.
Your condensation shield dissipates!
You resist.
You die...

.........#.....# ......)..'.....#
...##....#.....# #....#.Z...#
#....#.....# #....#.o...#
######## +....#.....# #......#
#....#.....# #......#
#....+.@...+ #......# #.....#
#......# #.....######......#
########## #.................#
.........######...........#######
...>......................#....#
.................)........'....#
................))........#....#
...................<#######....#


You could see Blork the orc (fast, ally target) and a friendly goblin skeleton.

Vanquished Creatures
  5 adders
  2 worms (D:2)
  2 dart slugs (D:1)
  6 orcs
  4 ball pythons
  3 endoplasms
  A giant cockroach (D:4)
  8 goblins
  3 hobgoblins
  4 bats
  12 frilled lizards
  3 kobolds
  5 rats
58 creatures vanquished.

Vanquished Creatures (collateral kills)
  A dart slug (D:3)
  An orc (D:4)
  An endoplasm (D:2)
  A frilled lizard (D:1)
4 creatures vanquished.

Vanquished Creatures (others)
  33 plants (D:3)
33 creatures vanquished.

Grand Total: 95 creatures vanquished

Notes
Turn   | Place    | Note
-------+----------+-------------------------------------------
     0 | D:1      | MrSixtyFour the Demonspawn Necromancer began the quest for
                  | the Orb.
     0 | D:1      | Reached XP level 1. HP: 13/13 MP: 3/3
   187 | D:1      | Gained mutation: A meltable shield of frost defends you.
                  | (SH +0) [demonic ancestry]
   187 | D:1      | Reached XP level 2. HP: 19/19 MP: 3/5
   222 | D:1      | Reached skill level 1 in Evocations
  1202 | D:1      | Gained mutation: You have a somewhat thin skeletal
                  | structure. (Dex +2, Stealth+) [demonic ancestry]
  1202 | D:1      | Reached XP level 3. HP: 19/24 MP: 4/6
  1208 | D:1      | Reached skill level 5 in Necromancy
  1892 | D:2      | Learned a level 3 spell: Vampiric Draining
  2322 | D:2      | Gained mutation: You have a moderately thin skeletal
                  | structure. (Dex +4, Stealth++) [demonic ancestry]
  2322 | D:2      | Reached XP level 4. HP: 30/30 MP: 1/7
  2361 | D:2      | Found a faded altar of an unknown god.
  2579 | D:2      | Found a sacrificial altar of Ru.
  2907 | D:3      | Noticed Grinder
  3788 | D:4      | Noticed Blork the orc
  3806 | D:4      | Killed from afar by Blork the orc

Illustrated notes

Levels and vault maps discovered:
D:1:      dreamdust_arrival_sigmund_warning, layout_basic
D:2:      layout_basic, basic_altar, hellmonk_ecumenical_altar_crossroads,
          minmay_lizard_pond
D:3:      layout_loops_ring, hangedman_decor_peaks_small, serial_bayou_lagoon_a,
          uniq_grinder
D:4:      layout_gridville, uniq_blork_the_orc

Skill      XL: |  1  2  3  4 |
---------------+-------------+-----
Evocations     | 1 |  1.7
Necromancy     | 5 |  5.6
Spellcasting   | 3 |  3.0
Armour         | |  0.5
Dodging        | |  1.7
Stealth        | |  1.8

Action                   |  1- 3 |  4- 6 || total
-------------------------+-------+-------++-------
Melee: Staff             |    17 |     5 ||    22
 Cast: Necrotise         |    85 |    47 ||   132
       Vampiric Draining |     1 |     1 ||     2
  Use: Potion            |     1 |       ||     1
Armor: Robe              |     2 |       ||     2
       Leather armour    |    21 |    11 ||    32
Dodge: Dodged            |    36 |    10 ||    46
Block: Other             |    11 |     6 ||    17
